 Dungeon Crawl Stone Soup version 0.27-a0-860-gaf99fae3ca (webtiles) character file.

Game seed: 12470725460062760938

7445 robertstho the Thaumaturge (level 10, -4/82 (88) HPs)
             Began as a Deep Elf Ice Elementalist on Apr 1, 2021.
             Was a Believer of Sif Muna.
             Slain by an efreet
             ... wielding a +1 scimitar of flaming
              (9 damage)
             ... on level 10 of the Dungeon.
             The game lasted 00:24:50 (14501 turns).

robertstho the Thaumaturge (DEIE)                  Turns: 14501, Time: 00:24:50

HP:   -4/82 (88)    AC: 25    Str: 11    XL:     10   Next: 93%
MP:   25/28         EV:  2    Int: 24    God:    Sif Muna [**....]
Gold: 716           SH:  0    Dex: 15    Spells: 19/34 levels left

rFire    . . .     SeeInvis +   p - +3 spear "Sarcophage" {freeze, rElec rF- Str+6 SInv}
rCold    + . .     Faith    .   (no shield)
rNeg     + + +     Spirit   .   (armour currently unavailable)
rPois    +         Reflect  .   (helmet currently unavailable)
rElec    +         Harm     .   (cloak currently unavailable)
rCorr    +         Rampage  .   (gloves currently unavailable)
Will     +....     NoTele   +   (boots currently unavailable)
Stlth    +++.......             (no amulet)
HPRegen  0.23/turn              f - ring of resist corrosion
MPRegen  0.21/turn              n - ring of positive energy

@: brilliant, tree-form, resistant, studying Polearms, drained
A: stationary, stasis, torment immunity, boosted hp, (antennae 1), screaming 1
a: Renounce Religion, Channel Magic


You were on level 10 of the Dungeon.
You worshipped Sif Muna.
Sif Muna was pleased with you.
You were a tree.
You visited 2 branches of the dungeon, and saw 11 of its levels.
You also visited: Bailey.

You collected 716 gold pieces.

Inventory:

Hand Weapons
 g - a +2 hand axe of electrocution
 o - a +0 flail of protection
 p - the +3 spear "Sarcophage" (weapon) {freeze, rElec rF- Str+6 SInv}
   (You found it on level 8 of the Dungeon)

   It has been specially enchanted to freeze those struck by it, causing extra
   injury to most foes and up to half again as much damage against particularly
   susceptible opponents.
   It can also slow down cold-blooded creatures.
   It affects your strength (+6).
   It makes you vulnerable to fire.
   It insulates you from electricity.
   It lets you see invisible.
Missiles
 m - 2 throwing nets
Armour
 a - a +0 robe (melded)
 r - a +0 pair of gloves (melded)
 t - a +0 tower shield of protection
 u - a +0 helmet (melded)
 A - a +0 pair of boots (melded)
 B - a +1 cloak (melded)
Jewellery
 f - a ring of resist corrosion (left branch)
 n - a ring of positive energy (right branch)
Wands
 x - a wand of acid (4)
Scrolls
 b - a scroll of blinking
 d - a scroll of summoning
 k - a scroll of teleportation
 q - a scroll of fog {unknown}
 w - 2 scrolls of identify
 y - a scroll of torment {unknown}
 z - a scroll of enchant armour {unknown}
 C - a scroll of enchant weapon
Potions
 c - a potion of lignification
 e - a potion of cancellation {unknown}
 h - a potion of flight {unknown}
 i - 3 potions of brilliance
 j - a potion of mutation
 l - 2 potions of resistance
 v - 2 potions of might
 D - a potion of heal wounds {unknown}
Miscellaneous
 s - a phantom mirror


   Skills:
 * Level 5.0 Fighting
 + Level 2.7(2.9) Axes
 + Level 0.8(1.8) Polearms
 + Level 4.1 Dodging
 + Level 4.6 Stealth
 * Level 12.7 Spellcasting
 + Level 2.8 Conjurations
 + Level 4.1 Summonings
 * Level 10.8 Ice Magic
 * Level 3.0 Invocations
 + Level 1.4 Evocations


You had 19 spell levels left.
You knew the following spells:

 Your Spells              Type           Power      Damage    Failure   Level
a - Freeze                Ice            100%       1d11      1%          1
b - Frozen Ramparts       Ice            100%       1d12      1%          3
c - Ozocubu's Armour      Ice            79%        N/A       1%          3
d - Hailstorm             Conj/Ice       64%        3d14      2%          4
e - Summon Ice Beast      Ice/Summ       67%        N/A       1%          4

Your spell library contained the following spells:

 Spells                   Type           Power      Damage    Failure   Level
 Magic Dart               Conj           100%       1d8       1%          1
 Summon Small Mammal      Summ           100%       N/A       1%          1
 Call Imp                 Summ           51%        N/A       1%          2
 Call Canine Familiar     Summ           51%        N/A       2%          3
 Animate Skeleton         Necr           44%        N/A       4%          1
 Apportation              Tloc           44%        N/A       4%          1
 Corona                   Hex            24%        N/A       4%          1
 Pain                     Necr           88%        1d8       4%          1
 Summon Guardian Golem    Hex/Summ       37%        N/A       5%          3
 Blink                    Tloc           N/A        N/A       6%          2
 Slow                     Hex            22%        N/A       6%          2
 Conjure Flame            Conj/Fire      33%        6-21      7%          3
 Mephitic Cloud           Conj/Pois/Air  29%        N/A       9%          3
 Confusing Touch          Hex            22%        N/A       12%         3
 Gell's Gravitas          Tloc           11%        N/A       12%         3
 Vampiric Draining        Necr           11%        2d7       12%         3
 Metabolic Englaciation   Hex/Ice        29%        N/A       12%         5
 Summon Lightning Spire   Summ/Air       37%        N/A       17%         4
 Animate Dead             Necr           11%        N/A       36%         4
 Petrify                  Tmut/Erth      22%        N/A       36%         4
 Agony                    Necr           22%        N/A       73%         5
 Yara's Violent Unravell  Hex/Tmut       11%        3d6       73%         5


Dungeon Overview and Level Annotations

Branches:
Dungeon (10/15)            Temple (1/1) D:7             Orc (0/2) D:9
 Bailey (visited)
   Lair: D:8-11

Altars:
Ashenzari
Cheibriados
Dithmenos
Elyvilon
Fedhas
Gozag
Hepliaklqana
Kikubaaqudgha
Makhleb
Nemelex Xobeh
Qazlal
Ru
Sif Muna
Trog
Uskayaw
Vehumet
Wu Jian
Xom
Yredelemnul
Zin
The Shining One


Innate Abilities, Weirdness & Mutations

You are a tree.
Your roots penetrate the ground, keeping you stationary.
You cannot be teleported.
You are immune to unholy pain and torment.
Your maximum health is greatly increased.
Your equipment is partially melded.
((You have a pair of small antennae on your head.))
You occasionally shout uncontrollably at your foes.


Message History

Your ice beast barely misses the orc warrior.
The wight hits you with a +2 vampiric falchion!
The orc warrior hits your ice beast but does no damage.
Your ice beast hits the orc warrior.
Your ice beast freezes the orc warrior!
The orc warrior closely misses your ice beast.
Your ice beast hits the wight but does no damage.
Your ice beast hits the orc warrior but does no damage.
The wight closely misses you.
Casting: Summon Ice Beast (dangerous; 1% risk of failure)
Confirm with . or Enter, or press ? or * to list all spells.
You feel a surge of power! A chill wind blows around you.
Your ice beast closely misses the wight.
Your ice beast hits the orc warrior.
Your ice beast freezes the orc warrior!
The wight hits you with a +2 vampiric falchion.
* * * LOW HITPOINT WARNING * * *
You partially resist.
You feel drained.
* * * LOW HITPOINT WARNING * * *
The efreet hits you with a +1 scimitar of flaming!
* * * LOW HITPOINT WARNING * * *
The efreet burns you.
* * * LOW HITPOINT WARNING * * *
Your ice beast hits the wight but does no damage.
Your ice beast hits the wraith but does no damage.
It was a potion of lignification.
You turn into a tree.
Your +1 cloak melds into your body.
Your +0 helmet melds into your body.
Your +0 pair of gloves melds into your body.
Your +0 pair of boots melds into your body.
Your +0 robe melds into your body.
Your roots penetrate the ground.
You feel yourself speed up. The wight hits you but does no damage.
The efreet hits you but does no damage.
Your ice beast barely misses the wight.
Your ice beast barely misses the wraith.
The wight hits you with a +2 vampiric falchion.
* * * LOW HITPOINT WARNING * * *
It was a potion of mutation.
You feel extremely strange.
You feel weaker.
You feel the urge to shout. A pair of antennae grows on your head!
You feel stronger.
The orc warrior hits your ice beast with a +0 hand axe.
The efreet hits you with a +1 scimitar of flaming!
You die...

$. .......# #.
.......#...#
#)###......#...#
#..........#...# .. #
..#.......#...#....
#.###°#.......#...#....
#..$o°#RY.........#..#
#YW°z♣............#
#.###.Y...........#
#..........#......#
.....#.......#...####
.###.#....###...###.#
.#....##.....##.####
........#.8...8.#....#
..###............##..#
.. ........⌠.....#..#


You could see an efreet, a wraith, an orc warrior (ally target), a wight (ally
target) and 3 friendly ice beasts.

Vanquished Creatures
  Pikel (D:4)
  2 orc knights (Bailey)
  Grinder (D:6)
  Sigmund (D:3)
  A yak (D:9)
  Edmund (D:5)
  2 water moccasins
  Duvessa (D:6)
  11 orc warriors
  2 ogres
  3 lemures (D:4)
  3 centaurs
  A phantom (D:7)
  3 kobold brigands
  5 bullfrogs
  A wyvern skeleton (D:4)
  Dowan (D:6)
  A water moccasin skeleton (D:4)
  A wight (D:7)
  6 howler monkeys
  A crimson imp (D:5)
  2 centaur zombies
  A jelly (D:6)
  A hound (D:5)
  Crazy Yiuf (D:2)
  A bullfrog skeleton (D:6)
  7 orc priests
  A centaur skeleton (D:7)
  Jessica (D:2)
  An iguana (D:7)
  9 orc wizards
  Terence (D:3)
  Natasha (thrice) (D:3)
  A hound zombie (D:5)
  3 gnolls (D:4)
  4 adders
  An ufetubus (D:2)
  An adder skeleton (D:4)
  A worm (D:3)
  3 dart slugs
  47 orcs
  3 ball pythons
  8 endoplasms
  4 giant cockroaches
  10 goblins
  12 hobgoblins
  7 jackals
  23 kobolds
  A quokka (D:1)
  2 bats
  3 frilled lizards
  2 rats
214 creatures vanquished.

Vanquished Creatures (collateral kills)
  A two-headed ogre (D:9)
  Maurice (D:8)
  2 yaks (D:9)
  A steam dragon (D:6)
  A water moccasin (D:7)
  A black bear (D:6)
  3 ice beasts
  An orc warrior (Bailey)
  A sky beast (D:7)
  A centaur (D:10)
  2 ogres (D:6)
  A phantom (D:6)
  A bullfrog (shapeshifter) (D:10)
  A wyvern zombie (D:3)
  A scorpion (D:7)
  A wyvern skeleton (D:7)
  2 wights (D:7)
  2 centaur zombies
  A bullfrog skeleton (D:4)
  An iguana (D:4)
  An orc wizard (D:5)
  A scorpion zombie (D:5)
  A killer bee zombie (D:7)
  6 orcs
35 creatures vanquished.

Vanquished Creatures (others)
  13 plants (D:2)
13 creatures vanquished.

Grand Total: 262 creatures vanquished

Notes
Turn   | Place    | Note
-------+----------+-------------------------------------------
     0 | D:1      | robertstho the Deep Elf Ice Elementalist began the quest
                  | for the Orb.
     0 | D:1      | Reached XP level 1. HP: 10/10 MP: 6/6
   101 | D:1      | Reached XP level 2. HP: 16/16 MP: 5/8
  1085 | D:2      | Noticed Jessica
  1091 | D:2      | Killed Jessica
  1092 | D:2      | Reached skill level 1 in Fighting
  1092 | D:2      | Reached skill level 5 in Ice Magic
  1092 | D:2      | Reached XP level 3. HP: 13/20 MP: 6/10
  1404 | D:2      | Learned a level 3 spell: Frozen Ramparts
  1408 | D:2      | Learned a level 3 spell: Ozocubu's Armour
  1495 | D:2      | Reached skill level 4 in Spellcasting
  1495 | D:2      | Reached XP level 4. HP: 22/25 MP: 6/12
  2262 | D:2      | Found a runed translucent door.
  2263 | D:2      | Noticed Crazy Yiuf
  2360 | D:2      | Found a faded altar of an unknown god.
  2701 | D:2      | Killed Crazy Yiuf
  2702 | D:2      | Reached XP level 5. HP: 9/29 MP: 5/13
  2970 | D:3      | Learned a level 4 spell: Hailstorm
  2970 | D:3      | Noticed Sigmund
  3145 | D:3      | Noticed Natasha
  3149 | D:3      | Killed Natasha
  3154 | D:3      | Killed Sigmund
  3155 | D:3      | Reached skill level 5 in Spellcasting
  3155 | D:3      | Reached XP level 6. HP: 20/35 MP: 3/16
  3225 | D:3      | Learned a level 4 spell: Summon Ice Beast
  3415 | D:3      | Reached skill level 6 in Spellcasting
  3895 | D:3      | Noticed Natasha
  3902 | D:3      | Killed Natasha
  3944 | D:3      | Noticed Natasha
  3948 | D:3      | Killed Natasha
  4151 | D:3      | Noticed Terence
  4157 | D:3      | Killed Terence
  4869 | D:4      | Reached skill level 1 in Axes
  4869 | D:4      | Reached XP level 7. HP: 40/40 MP: 12/18
  5892 | D:4      | Noticed Pikel
  5898 | D:4      | Killed Pikel
  5899 | D:4      | Reached skill level 7 in Spellcasting
  5899 | D:4      | Reached XP level 8. HP: 37/46 MP: 3/21
  6147 | D:5      | Entered Level 5 of the Dungeon
  6210 | D:5      | Noticed Edmund
  6224 | D:5      | Killed Edmund
  6250 | D:5      | Reached skill level 8 in Spellcasting
  6744 | D:5      | Found a burning altar of Makhleb.
  7006 | D:6      | Found a glowing golden altar of the Shining One.
  7006 | D:6      | Noticed Duvessa
  7007 | D:6      | Noticed Dowan
  7107 | D:6      | Noticed Grinder
  7131 | D:6      | Killed Grinder
  7241 | D:6      | Reached skill level 9 in Spellcasting
  7765 | D:6      | Killed Dowan
  7770 | D:6      | Killed Duvessa
  7925 | D:6      | Reached skill level 1 in Summonings
  7925 | D:6      | Reached XP level 9. HP: 52/52 MP: 18/24
  8080 | D:6      | Reached skill level 10 in Spellcasting
  8882 | D:7      | Reached skill level 1 in Conjurations
  9260 | D:7      | Found a staircase to the Ecumenical Temple.
  9272 | Temple   | Entered the Ecumenical Temple
  9481 | Temple   | Became a worshipper of Sif Muna the Loreminder
  9941 | D:7      | Reached skill level 11 in Spellcasting
 10584 | D:8      | Reached * piety under Sif Muna
 10827 | D:8      | Reached skill level 1 in Invocations
 11082 | D:8      | Reached XP level 10. HP: 45/58 MP: 24/27
 11313 | D:8      | Found a sparkling altar of Nemelex Xobeh.
 11313 | D:8      | Found a sacrificial altar of Ru.
 11506 | D:8      | Noticed Maurice
 11516 | D:8      | Killed Maurice
 11664 | D:8      | Identified the +3 spear "Sarcophage" {freeze, rElec rF-
                  | Str+6 SInv}
 11863 | D:9      | Noticed a two-headed ogre
 11922 | D:9      | Reached skill level 10 in Ice Magic
 11968 | D:9      | Found a flagged portal.
 11985 | Bailey   | Entered a bailey
 12177 | Bailey   | Reached ** piety under Sif Muna
 12178 | Bailey   | Reached skill level 12 in Spellcasting
 12505 | Bailey   | Noticed an orc knight
 12571 | Bailey   | HP: 2/58 [orc warrior/+0 glaive (20)]
 12594 | Bailey   | Reached skill level 1 in Evocations
 12916 | Bailey   | Killed an orc knight
 13048 | Bailey   | Noticed an orc knight
 13057 | Bailey   | Killed an orc knight
 13558 | D:9      | Found a radiant altar of Vehumet.
 13582 | D:9      | Killed a two-headed ogre
 13583 | D:9      | Reached skill level 5 in Fighting
 13773 | D:9      | Found a staircase to the Orcish Mines.
 14395 | D:10     | Entered Level 10 of the Dungeon
 14501 | D:10     | Gained mutation: You are weak. (Str -2) [potion of
                  | mutation]
 14501 | D:10     | Gained mutation: You occasionally shout uncontrollably at
                  | your foes. [potion of mutation]
 14501 | D:10     | Gained mutation: You have a pair of small antennae on your
                  | head. [potion of mutation]
 14501 | D:10     | Lost mutation: You are weak. (Str -2) [potion of mutation]
 14501 | D:10     | Slain by an efreet

Illustrated notes

Levels and vault maps discovered:
D:1:      minmay_arrival_semitransparent, layout_rooms
D:2:      layout_basic, basic_ecumenical_altar, serial_forest,
          infiniplex_forest_clump_large, infiniplex_forest_lined_2,
          infiniplex_forest_straight_3, infiniplex_forest_straight_3,
          infiniplex_forest_end_1, infiniplex_forest_clump_cross,
          infiniplex_forest_clump_C, infiniplex_forest_straight_5,
          infiniplex_forest_straight_5, infiniplex_forest_clump_small,
          patterned_corridor, uniq_crazy_yiuf_cottage, uniq_jessica
D:3:      minmay_angry_zag, layout_loops_ring, uniq_natasha, uniq_terence,
          uniq_sigmund
D:4:      layout_basic, minmay_misc_feat_hallway, kennysheep_potato, uniq_pikel
D:5:      layout_rooms, makhleb_grotto_becter, nrook_mini_backslash, uniq_edmund
D:6:      layout_basic, tso_metal_star, uniq_grinder, uniq_duvessa
D:7:      layout_loops_ring, minmay_temple_entry_slanted
D:8:      layout_basic, gammafunk_temple_overflow_wave, minmay_manual_mares,
          uniq_maurice
D:9:      layout_roguey, lemuel_tele_altar, orc_david_3, enter_bailey_3,
          grunt_ministairs_13, palyth_stone_intersect
D:10:     hangedman_cross_stitches, layout_grid_maze, okawaru_gym_becter,
          wad_floor_pattern_untrapped, grunt_decor_fettered, uniq_erica
Temple:   eino_temple_rhombus

Skill      XL: |  1  2  3  4  5  6  7  8  9 10 |
---------------+-------------------------------+-----
Fighting       | 1 2 3 4 5 |  5.0
Ice Magic      | 5 6 7 9 10 | 10.8
Spellcasting   | 4 5 6 7 9 11 12 | 12.7
Stealth        | 3 4 |  4.6
Axes           | 1 2 |  2.7
Dodging        | 3 4 |  4.1
Summonings     | 1 3 4 |  4.1
Conjurations   | 1 2 |  2.8
Invocations    | 1 3 |  3.0
Evocations     | 1 |  1.4
Polearms       | |  0.8

Action                   |  1- 3 |  4- 6 |  7- 9 | 10-12 || total
-------------------------+-------+-------+-------+-------++-------
Melee: Unarmed           |     1 |       |       |       ||     1
       Hand axe          |    28 |    76 |   106 |       ||   210
       Short sword       |     8 |       |       |       ||     8
       Spear             |       |       |       |    47 ||    47
 Cast: Freeze            |    25 |    15 |     9 |     5 ||    54
       Frozen Ramparts   |       |    11 |    26 |     9 ||    46
       Ozocubu's Armour  |       |     2 |     7 |       ||     9
       Summon Ice Beast  |       |     3 |    48 |    22 ||    73
       Hailstorm         |       |     1 |    30 |    41 ||    72
Evoke: Wand              |       |     3 |       |     7 ||    10
  Use: Scroll            |       |       |    11 |     3 ||    14
       Potion            |       |       |     1 |     6 ||     7
 Stab: Sleeping          |     6 |     9 |     4 |     1 ||    20
       Distracted        |       |     1 |       |       ||     1
Armor: Robe              |     3 |    16 |    50 |    34 ||   103
       Skin              |       |       |       |     2 ||     2
Dodge: Dodged            |    33 |    46 |   106 |    79 ||   264

Table legend: (Time is in decaauts)
 A = Elapsed time spent in this place.
 B = Non-inter-level travel time spent in this place.
 C = Inter-level travel time spent in this place.
 D = Time resting spent in this place.
 E = Time spent auto-exploring this place.
 F = Levels seen in this place.
 G = Mean time per level.
                   A        B        C        D        E       F      G
               +--------+--------+--------+--------+--------+-----+--------+
         Total |  14558 |  14131 |    427 |   1493 |  10677 |  12 | 1213.2 |
       Dungeon |  13035 |  12651 |    384 |    901 |   9992 |  10 | 1303.5 |
        Temple |    225 |    182 |     43 |      0 |    181 |   1 |  225.0 |
        Bailey |   1296 |   1296 |      0 |    592 |    504 |   1 | 1296.0 |
               +--------+--------+--------+--------+--------+-----+--------+

Top non-repeatable levels by time:
     D:2: 2060 daAuts
     D:3: 1999 daAuts
     D:6: 1722 daAuts
     D:8: 1486 daAuts
     D:7: 1464 daAuts
  Bailey: 1296 daAuts
     D:9: 1254 daAuts
     D:4: 1120 daAuts
     D:1: 1005 daAuts
     D:5: 811 daAuts
  Temple: 225 daAuts
    D:10: 110 daAuts
